 Dungeon Crawl Stone Soup version 0.28.0 (webtiles) character file.

Game seed: 3442678085187479572

88 styxcanada the Magician (level 4, -6/24 HPs)
             Began as a Deep Elf Fire Elementalist on Feb 13, 2022.
             Mangled by an iguana (11 damage)
             ... on level 4 of the Dungeon.
             The game lasted 00:15:32 (3564 turns).

styxcanada the Magician (DEFE)                      Turns: 3564, Time: 00:15:32

Health: -6/24      AC:  6    Str:  5    XL:     4   Next: 30%
Magic:  3/12       EV: 12    Int: 22    God:
Gold:   154        SH:  0    Dex: 15    Spells: 8/11 levels left

rFire   . . .      SeeInvis +   d - +0 short sword (flame)
rCold   . . .      Faith    .   l - orb {guile}
rNeg    . . .      Spirit   .   a - +1 robe
rPois   .          Reflect  .   q - +0 helmet
rElec   .          Harm     .   g - +0 cloak
rCorr   .          Rampage  .   m - +0 pair of gloves
Will    .....                   (no boots)
Stlth   ++........              (no amulet)
HPRegen 0.08/turn               n - ring of see invisible
MPRegen 0.13/turn               (no ring)

@: no status effects
A: no striking features
a: no special abilities


You were on level 4 of the Dungeon.
You visited 1 branch of the dungeon, and saw 4 of its levels.

You collected 154 gold pieces.

Inventory:

Hand Weapons
 b - a +0 dagger
 d - a +0 short sword of flaming (weapon)
Missiles
 c - 107 stones
 i - 3 boomerangs (quivered)
 o - 16 sling bullets
Armour
 a - a +1 robe (worn)
 g - a +0 cloak (worn)
 l - an orb of guile (worn)
 m - a +0 pair of gloves (worn)
 q - a +0 helmet (worn)
Jewellery
 n - a ring of see invisible (left hand)
Scrolls
 k - 3 scrolls of teleportation
 p - a scroll of enchant armour
 r - a scroll of torment {unknown}
Potions
 e - 2 potions of lignification
 f - a potion of might
 h - a potion of flight {unknown}
 j - 2 potions of cancellation


   Skills:
 + Level 0.7 Short Blades
 + Level 2.5 Dodging
 * Level 3.3 Stealth
 * Level 4.4 Spellcasting
 * Level 1.4 Conjurations
 * Level 4.1 Fire Magic


You had 8 spell levels left.
You knew the following spells:

 Your Spells              Type           Power      Damage    Failure   Level
a - Foxfire               Conj/Fire      68%        2x1d7     3%          1
b - Scorch                Fire           46%        2d7       3%          2

Your spell library contained the following spells:

 Spells                   Type           Power      Damage    Failure   Level
 Conjure Flame            Conj/Fire      17%        6-21      10%         3
 Inner Flame              Hex/Fire       13%        N/A       14%         3
 Call Canine Familiar     Summ           4%         N/A       32%         3
 Ozocubu's Armour         Ice            4%         N/A       32%         3
 Portal Projectile        Hex/Tloc       8%         N/A       32%         3
 Flame Wave               Conj/Fire      17%        2d6       32%         4
 Leda's Liquefaction      Hex/Erth       2%         N/A       71%         4
 Ozocubu's Refrigeration  Ice            2%         4d5       100%        7


Dungeon Overview and Level Annotations

Branches:
Dungeon (4/15)
 Temple: D:4-7

Altars:
Hepliaklqana
Uskayaw

Shops:
D:1 !


Message History

Flames lash the iguana.
The iguana is heavily wounded.
The iguana's fire resistance burns away.
The endoplasm quivers.
Casting: Scorch (safe; 3% risk of failure)
Confirm with . or Enter, or press ? or * to list all spells.
Flames lash the iguana.
The iguana is heavily wounded.
Casting: Scorch (safe; 3% risk of failure)
Confirm with . or Enter, or press ? or * to list all spells.
You conjure some foxfire!
The iguana bites you!
Your foxfire dissipates!
The foxfire hits the iguana but does no damage.
The iguana is heavily wounded.
Casting: Foxfire (safe; 3% risk of failure)
Confirm with . or Enter, or press ? or * to list all spells.
Flames lash the endoplasm.
You kill the endoplasm!
The iguana bites you but does no damage.
Casting: Scorch (safe; 3% risk of failure)
Confirm with . or Enter, or press ? or * to list all spells.
You conjure some foxfire!
The iguana is no longer more vulnerable to fire.
The iguana closely misses you.
The foxfire hits the iguana.
The iguana is severely wounded.
The foxfire hits the iguana but does no damage.
The iguana is severely wounded.
Casting: Foxfire (safe; 3% risk of failure)
Confirm with . or Enter, or press ? or * to list all spells.
You conjure some foxfire!
The iguana bites you!
* * * LOW HITPOINT WARNING * * *
The foxfire hits the iguana.
The iguana is severely wounded.
The foxfire hits the iguana.
The iguana is severely wounded.
Casting: Foxfire (safe; 3% risk of failure)
Confirm with . or Enter, or press ? or * to list all spells.
You conjure some foxfire!
The iguana bites you!
You die...

#+ #........
#.##........
#..#........
#.#......:.
#.......... #######
#.!.......
#.....######.###..###
#....v........##..#
#....@l.......##..#
####v..........#..#
#.........#.#..#
#..$......#.#..#
#.........#....#
############...#
........>.#
###########.#
#.........#.#


You could see an iguana (ally target).

Vanquished Creatures
  3 adders
  A dart slug (D:1)
  6 endoplasms
  3 giant cockroaches
  5 hobgoblins
  8 kobolds
  A quokka (D:3)
  8 ball pythons
  9 bats
  3 frilled lizards
  8 goblins
  A rat (D:2)
56 creatures vanquished.

Vanquished Creatures (others)
  42 foxfires
42 creatures vanquished.

Grand Total: 98 creatures vanquished

Notes
Turn   | Place    | Note
-------+----------+-------------------------------------------
     0 | D:1      | styxcanada the Deep Elf Fire Elementalist began the quest
                  | for the Orb.
     0 | D:1      | Reached XP level 1. HP: 10/10 MP: 6/6
   202 | D:1      | Found a faded altar of an unknown god.
   333 | D:1      | Reached XP level 2. HP: 15/15 MP: 4/8
   385 | D:1      | Learned a level 2 spell: Scorch
   420 | D:1      | Found a hide-covered altar of Uskayaw.
   559 | D:1      | Found Vil Yna's Distillery.
  1260 | D:2      | Reached XP level 3. HP: 19/19 MP: 10/10
  1719 | D:2      | Found a hazy altar of Hepliaklqana.
  2589 | D:3      | Reached XP level 4. HP: 24/24 MP: 2/12
  3564 | D:4      | Mangled by an iguana

Illustrated notes

Levels and vault maps discovered:
D:1:      dpeg_arrival_lava_altar, layout_basic,
          hellmonk_ecumenical_altar_prayer_group, serial_shops, shop,
          corexii_corridor_pit, minivault_14
D:2:      layout_basic, basic_altar, serial_glass, glass_columns_a,
          glass_columns_b, glass_columns_c, glass_columns_a
D:3:      layout_basic, st_stairs_14, kennysheep_generic_room_8
D:4:      layout_basic, uniq_menkaure

Skill      XL: |  1  2  3 |
---------------+----------+-----
Stealth        | 3 |  3.3
Fire Magic     | 4 |  4.1
Spellcasting   | 4 |  4.4
Short Blades   | |  0.7
Dodging        | |  2.5
Conjurations   | |  1.4

Action                   |  1- 3 |  4- 6 || total
-------------------------+-------+-------++-------
Melee: Dagger            |     3 |       ||     3
       Short sword       |     8 |     1 ||     9
 Cast: Foxfire           |    31 |     5 ||    36
       Scorch            |    18 |    12 ||    30
  Use: Scroll            |     4 |     3 ||     7
 Stab: Sleeping          |     4 |     1 ||     5
Armor: Robe              |     4 |     3 ||     7
Dodge: Dodged            |    18 |     3 ||    21
